[Event "ICC tourney 2288 (45 10)"]
[Site "Internet Chess Club"]
[Date "2021.01.09"]
[Round "4"]
[White "GrandWizard"]
[Black "LightSpeed"]
[Result "0-1"]
[ICCResult "White resigns"]
[WhiteElo "1806"]
[BlackElo "1643"]
[Opening "Hammerschlag (Fried fox/Pork chop opening)"]
[ECO "A00"]
[Time "19:31:58"]
[PlyCount "124"]
[TimeControl "2700+10"]

1. f3 e5 2. Kf2 d5 3. e3 Nf6 4. c3 c5 5. d4 Nc6 6. Bb5 e4 7. f4 Ng4+ 8. Kf1
f5 9. h3 Nf6 10. Na3 Be6 11. Nc2 c4 12. Bd2 a6 13. Bxc6+ bxc6 14. Nb4 Qb6
15. Rb1 a5 16. Nc2 Rb8 17. Ne2 Qc7 18. Be1 Bd6 19. Bh4 Kf7 20. Bxf6 Kxf6
21. g3 h6 22. Rg1 g5 23. Qe1 Rb7 24. Rg2 Rhb8 25. Qc1 Qf7 26. g4 Ke7 27.
Kg1 Qf6 28. Ne1 Rg8 29. Ng3 gxf4 30. Nh5 Qh4 31. Nxf4 fxg4 32. Nxe6 Kxe6
33. hxg4 Rxg4 34. Rxg4 Qxg4+ 35. Ng2 Rg7 36. Qd2 Qg3 37. Qf2 Qh2+ 38. Kf1
Rf7 39. Nf4+ Bxf4 40. Qxh2 Bxh2+ 41. Kg2 Bd6 42. Rh1 Rf6 43. b3 cxb3 44.
axb3 Kf5 45. Ra1 Kg4 46. Rxa5 h5 47. c4 h4 48. Ra1 h3+ 49. Kg1 Bg3 50. cxd5
cxd5 51. b4 Bf2+ 52. Kh2 Bxe3 53. b5 Bxd4 54. Rd1 Be5+ 55. Kg1 d4 56. b6
Rxb6 57. Kh1 e3 58. Rg1+ Bg3 59. Rd1 Rb4 60. Ra1 e2 61. Kg1 d3 62. Rc1 d2 {
White resigns } 0-1

[Event "ICC tourney 2288 (45 10)"]
[Site "Internet Chess Club"]
[Date "2021.01.09"]
[Round "4"]
[White "rmauskopf24"]
[Black "JeremyICC"]
[Result "0-1"]
[ICCResult "White forfeits on time"]
[WhiteElo "1765"]
[BlackElo "1650"]
[Opening "King's Indian: 6.Be2"]
[ECO "E91"]
[NIC "KI.19"]
[Time "19:31:41"]
[PlyCount "112"]
[TimeControl "2700+10"]

1. d4 Nf6 2. c4 g6 3. Nc3 Bg7 4. e4 d6 5. Nf3 O-O 6. Be2 Bg4 7. O-O c5 8.
d5 Nbd7 9. h3 Bxf3 10. Bxf3 a6 11. Bf4 Qb6 12. Qd2 Qb4 13. Be2 Ne8 14. Qc2
Ne5 15. a3 Qa5 16. Bg5 f6 17. Bd2 Qd8 18. f4 Nd7 19. h4 f5 20. exf5 Rxf5
21. Bg4 Rf8 22. Be6+ Kh8 23. Ne4 Bd4+ 24. Kh1 Ndf6 25. f5 Nxe4 26. Qxe4
gxf5 27. Bxf5 Nf6 28. Qe6 Qe8 29. Bh6 Rg8 30. g4 Nxg4 31. Bxg4 Rg6 32. Qe4
Rxh6 33. Be6 Bf6 34. Rf4 Qh5 35. Raf1 Qg5 36. a4 Rxh4+ 37. Rxh4 Qxh4+ 38.
Qxh4 Bxh4 39. b3 Bf6 40. Rg1 h6 41. Kh2 Rf8 42. Kh3 Bg5 43. Kg4 a5 44. Rg3
Kg7 45. Rf3 Rxf3 46. Kxf3 Kg6 47. Ke4 h5 48. Kf3 Bd2 49. Kg3 Kg5 50. Bd7
Bf4+ 51. Kf3 Be5 52. Be6 Bc3 53. Bd7 h4 54. Be6 Be1 55. Bd7 Kf6 56. Ke4 e5
{ White forfeits on time } 0-1

[Event "ICC tourney 2288 (45 10)"]
[Site "Internet Chess Club"]
[Date "2021.01.09"]
[Round "5"]
[White "Fischeresque930"]
[Black "GrandWizard"]
[Result "1-0"]
[ICCResult "Black resigns"]
[WhiteElo "1776"]
[BlackElo "1806"]
[Opening "English: symmetrical variation"]
[ECO "A36"]
[NIC "EO.64"]
[Time "22:02:03"]
[PlyCount "30"]
[TimeControl "2700+10"]

1. c4 c5 2. g3 Nc6 3. Nc3 Nf6 4. Bg2 e6 5. e3 d5 6. cxd5 exd5 7. d4 cxd4 8.
exd4 Bb4 9. Ne2 Bxc3+ 10. bxc3 O-O 11. O-O Ng4 12. h3 f5 13. hxg4 fxg4 14.
Nf4 h5 15. Bxd5+ Kh7 { Black resigns } 1-0

[Event "ICC tourney 2288 (45 10)"]
[Site "Internet Chess Club"]
[Date "2021.01.09"]
[Round "5"]
[White "Pulsar42"]
[Black "ab4gm"]
[Result "0-1"]
[ICCResult "White checkmated"]
[WhiteElo "1550"]
[BlackElo "1122"]
[Opening "Giuoco Piano"]
[ECO "C54"]
[NIC "IG.02"]
[Time "22:02:21"]
[PlyCount "82"]
[TimeControl "2700+10"]

1. e4 e5 2. Nf3 Nc6 3. Bc4 Bc5 4. c3 Nf6 5. d3 O-O 6. Bg5 Be7 7. O-O h6 8.
Be3 Ng4 9. Nbd2 Nxe3 10. fxe3 Bc5 11. Qe2 d6 12. d4 exd4 13. exd4 Bb6 14.
Rae1 Re8 15. Qf2 Be6 16. Bxe6 fxe6 17. Nh4 e5 18. Qf7+ Kh8 19. Nf5 Qf6 20.
Qh5 Qg5 21. Qh3 Qxd2 22. Re3 exd4 23. cxd4 Bxd4 24. Nxd4 Qxd4 25. Kh1 Rxe4
26. Ref3 Ree8 27. Qd7 Ne5 28. Qxc7 Nxf3 29. gxf3 Rac8 30. Qxb7 Qf4 31. Rg1
Rg8 32. b4 Rc1 33. Qd5 Rxg1+ 34. Kxg1 Rc8 35. Qb7 Rc1+ 36. Kf2 Qxh2+ 37.
Ke3 Re1+ 38. Kd3 Rd1+ 39. Ke3 Qe5+ 40. Kf2 Rd2+ 41. Kf1 Qa1# { White
checkmated } 0-1

[Event "ICC tourney 2288 (45 10)"]
[Site "Internet Chess Club"]
[Date "2021.01.09"]
[Round "5"]
[White "Daniel-Lee"]
[Black "MChessy"]
[Result "1-0"]
[ICCResult "Black resigns"]
[WhiteElo "1877"]
[BlackElo "1704"]
[Opening "Caro-Kann: Steinitz variation"]
[ECO "B17"]
[NIC "CK.08"]
[Time "22:02:01"]
[PlyCount "51"]
[TimeControl "2700+10"]

1. e4 c6 2. d4 d5 3. Nc3 dxe4 4. Nxe4 Nd7 5. Nf3 Ngf6 6. Ng3 e6 7. Bd3 Bd6
8. Bd2 O-O 9. O-O Qc7 10. Re1 b6 11. c4 Bb7 12. Ne4 Nxe4 13. Rxe4 Nf6 14.
Rh4 h6 15. Qc1 Ne8 16. Bxh6 f5 17. Bd2 Rf6 18. c5 bxc5 19. dxc5 Be7 20. Bc3
Rg6 21. Rh3 Nf6 22. Ne5 Rh6 23. Rxh6 gxh6 24. Qxh6 Bd8 25. Bc4 Bc8 26. Rd1
{ Black resigns } 1-0

[Event "ICC tourney 2288 (45 10)"]
[Site "Internet Chess Club"]
[Date "2021.01.09"]
[Round "5"]
[White "NickManley1987"]
[Black "kgeisenman32"]
[Result "0-1"]
[ICCResult "White resigns"]
[WhiteElo "1543"]
[BlackElo "1522"]
[Opening "Sicilian: Smith-Morra gambit"]
[ECO "B21"]
[NIC "SI.48"]
[Time "22:03:14"]
[PlyCount "62"]
[TimeControl "2700+10"]

1. e4 c5 2. d4 cxd4 3. c3 dxc3 4. Nxc3 g6 5. Nf3 Bg7 6. Bc4 Nc6 7. Bf4 d6
8. O-O Nf6 9. Qe2 O-O 10. Rfd1 Qb6 11. Rac1 Bg4 12. Rd2 Rac8 13. Rcd1 a6
14. Nd5 Nxd5 15. exd5 Ne5 16. Bb3 Rfe8 17. Qe4 Nxf3+ 18. gxf3 Bf5 19. Qe2
Qc7 20. Qe3 b5 21. Bh6 Qc5 22. Bxg7 Qxe3 23. fxe3 Kxg7 24. e4 Bd7 25. Kg2
Rc5 26. Rc2 Rxc2+ 27. Bxc2 Rc8 28. Bb3 a5 29. a3 a4 30. Ba2 Rc2+ 31. Kg3
Rxb2 { White resigns } 0-1

[Event "ICC tourney 2288 (45 10)"]
[Site "Internet Chess Club"]
[Date "2021.01.09"]
[Round "5"]
[White "elytito2017"]
[Black "chesssky"]
[Result "0-1"]
[ICCResult "White resigns"]
[WhiteElo "1907"]
[BlackElo "1991"]
[Opening "Caro-Kann: classical, Spassky variation"]
[ECO "B19"]
[NIC "CK.12"]
[Time "22:02:15"]
[PlyCount "98"]
[TimeControl "2700+10"]

1. e4 c6 2. d4 d5 3. Nd2 dxe4 4. Nxe4 Bf5 5. Ng3 Bg6 6. h4 h6 7. Nf3 Nd7 8.
h5 Bh7 9. Bd3 Bxd3 10. Qxd3 e6 11. Bd2 Ngf6 12. O-O-O Be7 13. Kb1 O-O 14.
Ne4 Nxe4 15. Qxe4 Nf6 16. Qe2 Qd5 17. c4 Qe4+ 18. Qxe4 Nxe4 19. Be3 Rfd8
20. Ne5 Bf6 21. g4 c5 22. f4 cxd4 23. Bxd4 Rac8 24. Bxa7 Nd2+ 25. Ka1 Bxe5
26. fxe5 Ra8 27. Rxd2 Rxd2 28. Be3 Rc2 29. Rc1 Rxc1+ 30. Bxc1 Rd8 31. b3
Rd1 32. Kb2 Rg1 33. Bd2 Kf8 34. a4 Ke7 35. Ka3 Kd7 36. Kb4 Kc6 37. Ka5 Rxg4
38. Bc3 Rh4 39. Kb4 Rxh5 40. Ka3 Rh3 41. Kb2 g5 42. b4 g4 43. Bd4 g3 44.
b5+ Kc7 45. a5 Rh4 46. Bb6+ Kb8 47. Kb3 g2 48. a6 bxa6 49. bxa6 Rh1 { White
resigns } 0-1

[Event "ICC tourney 2288 (45 10)"]
[Site "Internet Chess Club"]
[Date "2021.01.09"]
[Round "5"]
[White "pianoboy"]
[Black "sillytiger"]
[Result "1-0"]
[ICCResult "Black resigns"]
[WhiteElo "1849"]
[BlackElo "1432"]
[Opening "Dutch with c4 & Nc3"]
[ECO "A85"]
[NIC "HD.05"]
[Time "22:02:44"]
[PlyCount "71"]
[TimeControl "2700+10"]

1. d4 f5 2. c4 Nf6 3. Nc3 g6 4. Bf4 Bg7 5. e3 O-O 6. Nf3 d6 7. h3 Qe8 8.
Bd3 Nbd7 9. d5 c6 10. Bc2 cxd5 11. cxd5 Nb6 12. O-O Bd7 13. Bg5 Rc8 14.
Bxf6 Bxf6 15. Nd4 Qf7 16. f3 Nxd5 17. Nxd5 Qxd5 18. Bb3 Rc4 19. Bxc4 Qxc4
20. Qb3 Qxb3 21. axb3 a6 22. Rac1 e5 23. Ne2 Bc6 24. Rfd1 d5 25. f4 exf4
26. Nxf4 Bxb2 27. Rc2 Ba3 28. Nxd5 Kf7 29. Kf2 Rd8 30. Nc3 Re8 31. Na4 b5
32. Rxc6 bxa4 33. bxa4 a5 34. Rc7+ Re7 35. Rdd7 Kg8 36. Rxe7 { Black
resigns } 1-0

[Event "ICC tourney 2288 (45 10)"]
[Site "Internet Chess Club"]
[Date "2021.01.09"]
[Round "5"]
[White "jmwgroff"]
[Black "aminsamani99"]
[Result "1-0"]
[ICCResult "Black resigns"]
[WhiteElo "1894"]
[BlackElo "1841"]
[Opening "Nimzo-Indian: Kmoch variation"]
[ECO "E20"]
[NIC "NI.30"]
[Time "22:02:03"]
[PlyCount "80"]
[TimeControl "2700+10"]

1. d4 Nf6 2. c4 e6 3. Nc3 Bb4 4. f3 O-O 5. a3 Bxc3+ 6. bxc3 d5 7. cxd5 exd5
8. e3 c5 9. Bd3 Qa5 10. Bd2 Re8 11. Ne2 c4 12. Bc2 Nc6 13. O-O Ne7 14. Ng3
Ng6 15. e4 h5 16. e5 h4 17. Nh1 Nh7 18. f4 h3 19. Qh5 hxg2 20. Kxg2 Ngf8
21. f5 Qb6 22. Rab1 Qc6 23. Rf3 g6 24. Rg3 Rxe5 25. dxe5 d4+ 26. Qf3 d3 27.
Qxc6 dxc2 28. Qb5 Bxf5 29. Rf1 Be4+ 30. Kg1 Rd8 31. Qxc4 Bd5 32. Qh4 Rd7
33. Qh6 Bc4 34. Rc1 Bd3 35. Nf2 Bf5 36. Ng4 g5 37. Nf6+ Nxf6 38. exf6 Ne6
39. Rxg5+ Bg6 40. Re5 b5 { Black resigns } 1-0

[Event "ICC tourney 2288 (45 10)"]
[Site "Internet Chess Club"]
[Date "2021.01.09"]
[Round "5"]
[White "AmyMGL"]
[Black "VincentT2008"]
[Result "1-0"]
[ICCResult "Black resigns"]
[WhiteElo "1900"]
[BlackElo "1726"]
[Opening "Giuoco Pianissimo"]
[ECO "C55"]
[NIC "IG.01"]
[Time "22:02:02"]
[PlyCount "61"]
[TimeControl "2700+10"]

1. e4 e5 2. Nf3 Nc6 3. Bc4 Nf6 4. d3 Bc5 5. O-O d6 6. h3 h6 7. c3 O-O 8. b4
Bb6 9. a4 a6 10. Be3 Bxe3 11. fxe3 Be6 12. Bxe6 fxe6 13. Qb3 Qd7 14. Nbd2
d5 15. b5 axb5 16. axb5 Na7 17. Nxe5 Qxb5 18. Ng6 Rfe8 19. e5 Nd7 20. Qc2
c5 21. c4 Qc6 22. Ra2 b5 23. Rfa1 Qb7 24. cxb5 Nxb5 25. Rb1 Rxa2 26. Qxa2
Kh7 27. Nf4 Nxe5 28. Qb2 g5 29. Nh5 Nxd3 30. Qxb5 Qf7 31. Qxd3+ { Black
resigns } 1-0

[Event "ICC tourney 2288 (45 10)"]
[Site "Internet Chess Club"]
[Date "2021.01.09"]
[Round "5"]
[White "Theutltl"]
[Black "rmauskopf24"]
[Result "0-1"]
[ICCResult "White resigns"]
[WhiteElo "1468"]
[BlackElo "1765"]
[Opening "Sicilian: Najdorf, Opocensky variation"]
[ECO "B92"]
[NIC "SI.11"]
[Time "22:02:04"]
[PlyCount "90"]
[TimeControl "2700+10"]

1. e4 c5 2. Nf3 d6 3. d4 cxd4 4. Nxd4 Nf6 5. Nc3 a6 6. Be2 e5 7. Nb3 Be7 8.
O-O O-O 9. Be3 Be6 10. Qd2 Nbd7 11. f4 exf4 12. Bxf4 Ne5 13. Rad1 Qc7 14.
Nd5 Bxd5 15. exd5 Nfd7 16. Rc1 Rac8 17. Rfd1 Bf6 18. c4 b6 19. Kh1 Ng6 20.
Be3 Nde5 21. Nd4 Qd7 22. b3 Ng4 23. Bxg4 Qxg4 24. Nc6 Ne5 25. Nxe5 Bxe5 26.
Bxb6 Bxh2 27. Kxh2 Rfe8 28. Re1 h5 29. c5 Kh7 30. c6 h4 31. Qd3+ g6 32. Rc4
Qg3+ 33. Qxg3 hxg3+ 34. Kxg3 Rxe1 35. Ra4 Re5 36. Rh4+ Rh5 37. Rxh5+ gxh5
38. b4 Kg6 39. a4 Kf5 40. b5 axb5 41. axb5 Ke5 42. Bd4+ Kxd4 43. b6 Kxd5
44. b7 Rg8+ 45. Kf3 Kxc6 { White resigns } 0-1

[Event "ICC tourney 2288 (45 10)"]
[Site "Internet Chess Club"]
[Date "2021.01.09"]
[Round "5"]
[White "landonp"]
[Black "JudeNYC"]
[Result "0-1"]
[ICCResult "White checkmated"]
[WhiteElo "1472"]
[BlackElo "1622"]
[Opening "Caro-Kann: advance variation"]
[ECO "B12"]
[NIC "CK.02"]
[Time "22:02:18"]
[PlyCount "74"]
[TimeControl "2700+10"]

1. e4 c6 2. d4 d5 3. e5 c5 4. c3 Nc6 5. Nf3 Bg4 6. Be3 e6 7. Be2 Bxf3 8.
Bxf3 cxd4 9. cxd4 Nge7 10. O-O Qb6 11. Qd2 Nf5 12. Rd1 Rc8 13. a3 Na5 14.
Qd3 Qxb2 15. Nd2 Qc3 16. Qb5+ Kd8 17. Ne4 Qc7 18. Bg5+ Be7 19. Bxe7+ Kxe7
20. Qb4+ Kd8 21. Nc5 Nxd4 22. Qxa5 Nxf3+ 23. gxf3 b6 24. Nxe6+ fxe6 25. Qe1
Qf7 26. Qe3 Rf8 27. Rac1 Rxc1 28. Rxc1 h6 29. Qc3 Qd7 30. Kg2 Rf7 31. Qb4
Qe7 32. Qc3 Qd7 33. Qb4 d4 34. Rd1 Rf4 35. Kg3 g5 36. Qc4 Qd5 37. Qa4 Qxf3#
{ White checkmated } 0-1

[Event "ICC tourney 2288 (45 10)"]
[Site "Internet Chess Club"]
[Date "2021.01.09"]
[Round "5"]
[White "LightSpeed"]
[Black "JeremyICC"]
[Result "1/2-1/2"]
[ICCResult "Game drawn by repetition"]
[WhiteElo "1643"]
[BlackElo "1650"]
[Opening "Pirc: classical system, 5.Be2"]
[ECO "B08"]
[NIC "PU.03"]
[Time "22:02:05"]
[PlyCount "96"]
[TimeControl "2700+10"]

1. e4 d6 2. d4 Nf6 3. Nc3 g6 4. Nf3 Bg7 5. Be2 O-O 6. O-O c6 7. h3 Nbd7 8.
Be3 e5 9. dxe5 Nxe5 10. Nxe5 dxe5 11. Bc5 Re8 12. Qxd8 Rxd8 13. Rad1 Be6
14. Be7 Rd4 15. Bc5 Rd7 16. Kh2 b6 17. Be3 Rad8 18. f3 Nh5 19. g3 f5 20.
Bg5 Bf6 21. Bxf6 Nxf6 22. b3 Rd2 23. Kg1 Rxd1 24. Bxd1 fxe4 25. fxe4 Kg7
26. g4 Rd4 27. Bf3 Rd2 28. Rf2 Rxf2 29. Kxf2 Nd7 30. Ke3 Kf6 31. Nd1 Kg5
32. Kf2 Kh4 33. Kg2 Nb8 34. Nf2 c5 35. Be2 h5 36. c3 Nd7 37. gxh5 gxh5 38.
Kh2 a5 39. Bf1 a4 40. c4 axb3 41. axb3 Nb8 42. Be2 Nc6 43. Bd1 Bd7 44. Bc2
Nd4 45. Bd1 Nc6 46. Bc2 Nd4 47. Bd1 Nc6 48. Bc2 Nd4 { Game drawn by
repetition } 1/2-1/2

[Event "ICC tourney 2288 (45 10)"]
[Site "Internet Chess Club"]
[Date "2021.01.09"]
[Round "5"]
[White "ctforce3"]
[Black "chesslin"]
[Result "1-0"]
[ICCResult "Black resigns"]
[WhiteElo "1890"]
[BlackElo "1765"]
[Opening "Pirc: classical (two knights) system"]
[ECO "B06"]
[NIC "PU.10"]
[Time "22:02:07"]
[PlyCount "111"]
[TimeControl "2700+10"]

1. e4 g6 2. d4 Bg7 3. Nc3 d6 4. Nf3 Nf6 5. Bd3 O-O 6. Bg5 c5 7. Qd2 cxd4 8.
Nxd4 Nc6 9. Nxc6 bxc6 10. Bh6 Qb6 11. Bxg7 Kxg7 12. Rb1 Be6 13. O-O a5 14.
Kh1 Qc5 15. f4 Qh5 16. Be2 Qh6 17. Bf3 Rfb8 18. b3 Kg8 19. Rbd1 Nd7 20. f5
Qxd2 21. Rxd2 gxf5 22. exf5 Bxf5 23. Bxc6 Ra6 24. Bb5 Rxb5 25. Nxb5 Be6 26.
Nc7 Rc6 27. Nxe6 fxe6 28. c4 a4 29. Kg1 axb3 30. axb3 Rb6 31. Rf3 Nc5 32.
Rb2 Rb4 33. Kf1 e5 34. Ke2 e4 35. Rh3 Nd3 36. Rg3+ Kf7 37. Rb1 Ke6 38. Kd2
Rb8 39. Ke3 Ke5 40. Rg7 e6 41. Rxh7 d5 42. Rh5+ Kd6 43. cxd5 exd5 44. g4
Rb4 45. Rh8 Nc5 46. g5 d4+ 47. Ke2 Nxb3 48. g6 Rb7 49. Rh7 Rb8 50. g7 d3+
51. Kd1 e3 52. Rh8 e2+ 53. Ke1 Rb5 54. g8=Q d2+ 55. Kxe2 Re5+ 56. Kf2 {
Black resigns } 1-0